 Dungeon Crawl Stone Soup version 0.30-a0-778-g2ef04afb54 (webtiles) character file.

Game seed: 6926283159102322454

24 DEFE the Chopper (level 2, 0/19 HPs)
             Began as a Demonspawn Wanderer on Feb 15, 2023.
             Frozen to death by an endoplasm (5 damage)
             ... on level 1 of the Dungeon.
             The game lasted 00:00:28 (577 turns).

DEFE the Chopper (Demonspawn Wanderer)               Turns: 577, Time: 00:00:29

Health: 0/19       AC:  3    Str: 12    XL:     2   Next: 79%
Magic:  3/3        EV: 11    Int: 12    God:
Gold:   30         SH:  0    Dex: 13    Spells: 2/3 levels left

rFire   . . .      SeeInvis .    a - +2 hand axe
rCold   . . .      Faith    .    (no shield)
rNeg    . . .      Spirit   .    d - +0 robe
rPois   .          Reflect  .    (no helmet)
rElec   .          Harm     .    b - +0 cloak
rCorr   .          Rampage  .    (no gloves)
Will    +....                    (no boots)
Stlth   ++                       (no amulet)
HPRegen 0.23/turn                f - ring of willpower
MPRegen 0.08/turn                (no ring)

@: no status effects
A: foul stench 1
a: no special abilities


You were on level 1 of the Dungeon.
You visited 1 branch of the dungeon, and saw 1 of its levels.

You collected 30 gold pieces.

Inventory:

Hand Weapons
 a - a +2 hand axe (weapon)
Armour
 b - a +0 cloak (worn)
 d - a +0 robe (worn)
Jewellery
 f - a ring of willpower (left hand)
Scrolls
 e - a scroll of magic mapping {unknown}
Potions
 c - a potion of might
 g - a potion of curing {unknown}


   Skills:
 + Level 3.7 Axes
 - Level 1.0 Armour
 - Level 1.7 Stealth
 - Level 1.0 Spellcasting
 - Level 2.6 Ice Magic


You had 2 spell levels left.
You knew the following spells:

 Your Spells              Type           Power      Damage    Failure   Level
a - Freeze                Ice            28%        1d5       10%         1

Your spell library contained the following spells:

 Spells                   Type           Power      Damage    Failure   Level
 Ozocubu's Armour         Ice            7%         N/A       30%         3


Dungeon Overview and Level Annotations

Branches:
Dungeon (1/15)

Altars:


Innate Abilities, Weirdness & Mutations

You may rarely emit foul miasma when damaged in melee.


Message History

No target in view!
No target in view!
No target in view!
No target in view!
No target in view!
Unknown command.
No target in view!
Unknown command.
No target in view!
Unknown command.
g - a brown potion You open the door.
There is an open door here.
You open the door.
An endoplasm comes into view.
Found 17 gold pieces.
An endoplasm is nearby!
There is an open door here.
You see here 17 gold pieces.
The endoplasm freezes you.
You are frozen.
You take 2 damage, and have 17/19 hp.
You barely miss the endoplasm. The endoplasm freezes you.
You are frozen.
You take 3 damage, and have 14/19 hp.
You hit the endoplasm. The endoplasm freezes you.
You are frozen.
You take 4 damage, and have 10/19 hp.
MASSIVE DAMAGE!!
An endoplasm is nearby!
An endoplasm is nearby!
You hit the endoplasm. The endoplasm freezes you.
You are frozen.
* * * LOW HITPOINT WARNING * * *
The endoplasm freezes you.
You are frozen.
You die...

#.# ###......# #.#
##.....# #.# #.....##
#.# #.......
#.###################.##
#.......................
######################..
#.......##...#########.
#....J@.$'...'.........
#######.##...#########.
...##...# ## #.#####...#
.. #...# ## #####


You could see an endoplasm.

Vanquished Creatures
  A ball python (D:1)
  2 endoplasms (D:1)
  A giant cockroach (D:1)
  3 hobgoblins (D:1)
  3 jackals (D:1)
  A kobold (D:1)
  3 bats (D:1)
  2 frilled lizards (D:1)
  6 rats (D:1)
22 creatures vanquished.

Notes
Turn   | Place    | Note
-------+----------+-------------------------------------------
     0 | D:1      | DEFE the Demonspawn Wanderer began the quest for the Orb.
     0 | D:1      | DEFE set off with the following items: a +2 hand axe, a +0
                  | cloak, a potion of might, a +0 robe; and the following
                  | spell memorised: Freeze; and the following spells available
                  | to memorise: Ozocubu's Armour.
     0 | D:1      | Reached XP level 1. HP: 13/13 MP: 2/2
    77 | D:1      | Reached skill level 3 in Axes
   124 | D:1      | Gained mutation: You may rarely emit foul miasma when
                  | damaged in melee. [demonic ancestry]
   124 | D:1      | Reached XP level 2. HP: 19/19 MP: 3/3
   577 | D:1      | Frozen to death by an endoplasm

Illustrated notes

Levels and vault maps discovered:
D:1:      sevenhm_arrival_forest_fort_small_3, layout_basic

Skill      XL: |  1 |
---------------+----+-----
Axes           | 3 |  3.7
Armour         | |  1.0
Stealth        | |  1.7
Spellcasting   | |  1.0
Ice Magic      | |  2.6

Action                     || total
---------------------------++-------
  Melee: Hand axe          ||    53
   Stab: Sleeping          ||     8
 Armour: Robe              ||    15
  Dodge: Dodged            ||    34

Table legend: (Time is in decaauts)
 A = Elapsed time spent in this place.
 B = Non-inter-level travel time spent in this place.
 C = Inter-level travel time spent in this place.
 D = Time resting spent in this place.
 E = Time spent auto-exploring this place.
 F = Levels seen in this place.
 G = Mean time per level.
                   A        B        C        D        E       F      G
               +--------+--------+--------+--------+--------+-----+--------+
         Total |    583 |    583 |      0 |     20 |    434 |   1 |  583.0 |
       Dungeon |    583 |    583 |      0 |     20 |    434 |   1 |  583.0 |
               +--------+--------+--------+--------+--------+-----+--------+

Top non-repeatable levels by time:
     D:1: 583 daAuts
